 Dungeon Crawl Stone Soup version 0.25-a0-398-g1920f1ac21 (webtiles) character file.

Game seed: 1743334511916995615, levelgen mode: deterministic

478 Napalmbreeze the Charmwright (level 7, 0/54 HPs)
             Began as a Merfolk Skald on Jan 8, 2020.
             Slain by a sky beast (6 damage)
             ... on level 5 of the Dungeon.
             The game lasted 00:11:24 (4417 turns).

Napalmbreeze the Charmwright (Merfolk Skald)        Turns: 4417, Time: 00:11:24

Health: 0/54       AC:  3    Str: 12    XL:     7   Next: 11%
Magic:  12/22      EV: 12    Int: 13    God:
Gold:   243        SH:  0    Dex: 14    Spells: 8/14 levels left

rFire    . . .     SeeInvis .   a - +0 spear
rCold    . . .     Gourm    .   (no shield)
rNeg     . . .     Faith    .   b - +0 leather armour
rPois    .         Spirit   .   (no helmet)
rElec    .         Reflect  .   (no cloak)
rCorr    .         Harm     .   (no gloves)
MR       .....                  (no boots)
Stlth    +.........             n - amulet of regeneration
HPRegen  0.58/turn              g - ring of magical power
MPRegen  0.18/turn              (no ring)

@: singing
A: change form in water, swift swim, stealthy swim
a: no special abilities


You were on level 5 of the Dungeon.
You were not hungry.

You visited 1 branch of the dungeon, and saw 5 of its levels.

You collected 243 gold pieces.

Inventory:

Hand Weapons
 a - a +0 spear (weapon)
Armour
 b - a +0 leather armour (worn)
 u - the +1 plate armour of Gallantry {+Blink Regen+ Str+5}
   (You found it on level 4 of the Dungeon)

   It affects your strength (+5).
   It lets you blink.
   It increases your rate of regeneration.
Jewellery
 g - a ring of magical power (left hand)
 n - an amulet of regeneration (around neck)
Scrolls
 e - 2 scrolls of enchant weapon
 k - a scroll of teleportation
 l - 2 scrolls of fear
 m - a scroll of amnesia
 t - a scroll of enchant armour
Potions
 c - a potion of ambrosia {unknown}
 h - a potion of curing
 i - 2 potions of brilliance
 j - a potion of heal wounds {unknown}
 p - a potion of flight {unknown}
 q - a potion of berserk rage {unknown}
Comestibles
 d - 7 rations


   Skills:
 + Level 4.2 Fighting
 + Level 4.0 Polearms
 - Level 0.6 Armour
 - Level 2.6 Dodging
 - Level 4.0 Spellcasting
 + Level 2.7 Hexes
 + Level 4.9 Charms


You had 8 spell levels left.
You knew the following spells:

 Your Spells              Type           Power        Failure   Level  Hunger
a - Infusion              Chrm           ###.         3%          1    None
d - Song of Slaying       Chrm           ###.....     4%          2    ##.....
s - Spectral Weapon       Hex/Chrm       ##......     16%         3    ###....

Your spell library contained the following spells:

 Spells                   Type           Power        Failure   Level  Hunger
 Corona                   Hex            #......      9%          1    None
 Shroud of Golubria       Chrm/Tloc      #.....       14%         2    ##.....
 Animate Skeleton         Necr           N/A          26%         1    None
 Apportation              Tloc           #.....       26%         1    None
 Summon Small Mammal      Summ           #...         26%         1    None
 Ozocubu's Armour         Chrm/Ice       #.......     28%         3    ###....


Dungeon Overview and Level Annotations

Branches:
Dungeon (5/15)
 Temple: D:4-7

Altars:
Gozag
Hepliaklqana
Makhleb
Trog
Wu Jian


Message History

Unknown command.
You hit something but do no damage.
Unknown command.
You feel better. Something hits you.
* * * LOW HITPOINT WARNING * * *
Something shocks you.
* * * LOW HITPOINT WARNING * * *
You feel better. Something hits you but does no damage.
You closely miss something. Something barely misses you.
Unknown command.
You hit something. Something hits you.
* * * LOW HITPOINT WARNING * * *
Something shocks you.
* * * LOW HITPOINT WARNING * * *
You closely miss something.
You are no longer magically infusing your attacks.
Something hits you.
* * * LOW HITPOINT WARNING * * *
Something shocks you.
You die...

## ##. ###
#####..###.....
>...(..@{...#
.>......(...#
............#
............#
########....#
#####


You could see a friendly spectral +0 spear.

Vanquished Creatures
  A phantom (D:4)
  2 howler monkeys (D:4)
  2 orc priests
  A worker ant (D:4)
  A hound skeleton (D:4)
  A worker ant zombie (D:5)
  4 adders
  3 gnolls (D:3)
  An ooze (D:1)
  7 worms
  5 dart slugs
  3 leopard geckos
  13 orcs
  7 bats
  3 giant cockroaches
  9 goblins
  4 hobgoblins
  9 jackals
  3 quokkas
  2 ball pythons
  3 frilled lizards
  9 kobolds
  7 rats
100 creatures vanquished.

Vanquished Creatures (others)
  2 spectral weapons
2 creatures vanquished.

Grand Total: 102 creatures vanquished

Notes
Turn   | Place    | Note
-------+----------+-------------------------------------------
     0 | D:1      | Napalmbreeze the Merfolk Skald began the quest for the Orb.
     0 | D:1      | Reached XP level 1. HP: 16/16 MP: 3/3
   349 | D:1      | Reached XP level 2. HP: 17/23 MP: 5/5
   672 | D:1      | Learned a level 2 spell: Song of Slaying
   720 | D:1      | Reached XP level 3. HP: 28/28 MP: 7/7
   883 | D:1      | Learned a level 3 spell: Spectral Weapon
  1089 | D:1      | Reached XP level 4. HP: 21/34 MP: 8/8
  2098 | D:2      | Reached skill level 1 in Hexes
  2322 | D:3      | Found a hazy altar of Hepliaklqana.
  2594 | D:3      | Reached XP level 5. HP: 41/41 MP: 9/10
  2617 | D:3      | Found a burning altar of Makhleb.
  3080 | D:3      | Found an ornate altar of the Wu Jian Council.
  3513 | D:4      | Reached XP level 6. HP: 47/47 MP: 11/11
  3590 | D:4      | Got a bloodstained plate armour
  3601 | D:4      | Identified the +1 plate armour of Gallantry {+Blink Regen+
                  | Str+5} (You found it on level 4 of the Dungeon)
  3678 | D:4      | Noticed a phantom
  3694 | D:4      | Killed a phantom
  3943 | D:4      | Reached XP level 7. HP: 53/54 MP: 13/13
  3997 | D:4      | Noticed a moth of wrath
  4170 | D:4      | Found a bloodstained altar of Trog.
  4319 | D:4      | Found an opulent altar of Gozag.
  4397 | D:5      | Entered Level 5 of the Dungeon
  4417 | D:5      | Slain by a sky beast

Levels and vault maps discovered:
D:1:      mrwooster_arrival_statue_2, layout_loops_cross,
          chequers_serial_rivers_marsh
D:2:      layout_basic, serial_corexii_hall, corexii_hall_statues_deadend,
          corexii_hall_statues_t, kennysheep_generic_room_4
D:3:      layout_loops_ring, lemuel_round_altar, lemuel_doored_altar,
          lemuel_round_altar, first_ration, kennysheep_boxes
D:4:      layout_basic, grunt_gozag_statues, tgw_trog
D:5:      layout_rooms, nemelex_xobeh_ov_fountains_minmay, fedhas_altar_2,
          uniq_edmund

Skill      XL: |  1  2  3  4  5  6  7 |
---------------+----------------------+-----
Spellcasting   | 3 4 |  4.0
Fighting       | 3 4 |  4.2
Charms         | 4 |  4.9
Hexes          | 1 2 |  2.7
Polearms       | 4 |  4.0
Armour         | |  0.6
Dodging        | |  2.6

Action                   |  1- 3 |  4- 6 |  7- 9 || total
-------------------------+-------+-------+-------++-------
Melee: Spear             |    92 |   208 |    34 ||   334
 Cast: Infusion          |    13 |    14 |     1 ||    28
       Spectral Weapon   |     2 |    11 |     3 ||    16
       Song of Slaying   |       |     8 |     1 ||     9
  Use: Scroll            |       |    10 |       ||    10
       Potion            |       |       |     3 ||     3
 Stab: Sleeping          |     1 |     1 |       ||     2
       Distracted        |       |     1 |       ||     1
  Eat: Chunk             |     1 |    11 |     2 ||    14
Armor: Leather armour    |    17 |    26 |     4 ||    47
Dodge: Dodged            |    45 |   105 |    14 ||   164

Table legend:
 A = Non-vault XP
 B = Vault XP
 C = Vault XP percentage of total XP
 D = Non-vault monster count
 E = Vault monster count
 F = Vault count percentage of total count
                 A         B        C        D         E       F
            +---------+---------+-------+---------+---------+-------
      Total |     667 |      17 |   2.5 |      93 |       7 |   7.0
            +---------+---------+-------+---------+---------+-------
        D:1 |      57 |       0 |   0.0 |      22 |       0 |   0.0
        D:2 |      70 |       4 |   5.4 |      19 |       2 |   9.5
        D:3 |     150 |       0 |   0.0 |      33 |       0 |   0.0
        D:4 |     373 |      13 |   3.4 |      18 |       5 |  21.7
        D:5 |      17 |       0 |   0.0 |       1 |       0 |   0.0
            +---------+---------+-------+---------+---------+-------
